2496 views
Uploaded 2021-08-13 04:29:15
Game version 1.32.10
16:42 long 4on4 ladder game on (8)NorthernFelwood
Saved by Teelo
2496 views
Uploaded 2021-08-13 04:29:15
Game version 1.32.10
16:42 long 4on4 ladder game on (8)NorthernFelwood


115 units @ 16.5k
/ 1.9k
86 buildings @ 9.3k
/ 3.4k


| Scroll of Regeneration | 4 | 400 |
| Scroll of Healing | 1 | 250 |
| Scroll of Protection | 1 | 150 |
| total: | 6 | 800g |
| Peasant | 18 | 1350 | / | 0 |
| Rifleman | 12 | 2460 | / | 360 |
| Priest | 4 | 540 | / | 40 |
| Mortar Team | 4 | 720 | / | 280 |
| Spell Breaker | 4 | 860 | / | 120 |
| total: | 42 | 5930g | / | 800w |
| Altar of Kings | 1 | 180 | / | 50 |
| Farm | 13 | 1040 | / | 260 |
| Blacksmith | 1 | 140 | / | 60 |
| Barracks | 1 | 160 | / | 60 |
| Arcane Vault | 1 | 130 | / | 30 |
| Town Hall | 1 | 385 | / | 205 |
| Lumber Mill | 1 | 120 | / | 0 |
| Arcane Sanctum | 1 | 150 | / | 140 |
| Workshop | 1 | 140 | / | 140 |
| Keep | 3 | 960 | / | 630 |
| Castle | 3 | 1080 | / | 630 |
| total: | 21 | 2445g | / | 945w |
| 0:04 | Peasant |
| 0:04 | Peasant |
| 0:23 | Peasant |
| 0:23 | Peasant |
| 0:23 | Peasant |
| 0:24 | Peasant |
| 0:51 | Altar of Kings |
| 0:53 | Farm |
| 1:06 | Blacksmith |
| 1:12 | Barracks |
| 1:23 | Farm |
| 1:33 | Peasant |
| 1:33 | Peasant |
| 2:16 | Rifleman |
| 2:20 | Arcane Vault |
| 2:25 | Farm |
| 2:37 | Rifleman |
| 2:51 | Flame Strike |
| 2:54 | Rifleman |
| 3:08 | Peasant |
| 3:08 | Peasant |
| 3:08 | Peasant |
| 3:24 | Farm |
| 3:26 | Peasant |
| 3:26 | Peasant |
| 3:40 | Scroll of Regeneration |
| 4:01 | Rifleman |
| 4:01 | Rifleman |
| 4:03 | Peasant |
| 4:06 | Peasant |
| 4:41 | Siphon Mana |
| 4:55 | Town Hall |
| 5:18 | Keep |
| 5:27 | Scroll of Regeneration |
| 5:42 | Lumber Mill |
| 6:14 | Rifleman |
| 6:16 | Peasant |
| 6:16 | Peasant |
| 6:16 | Peasant |
| 6:27 | Farm |
| 6:29 | Farm |
| 6:31 | Farm |
| 6:33 | Farm |
| 6:41 | Black Gunpowder |
| 6:47 | Rifleman |
| 7:13 | Rifleman |
| 7:16 | Flame Strike |
| 7:26 | Rifleman |
| 7:32 | Studded Leather Armor |
| 7:43 | Scroll of Regeneration |
| 7:43 | Scroll of Regeneration |
| 7:56 | Arcane Sanctum |
| 8:01 | Workshop |
| 8:18 | Long Rifles |
| 8:26 | Improved Lumber Harvesting |
| 8:34 | Castle |
| 8:38 | Blizzard |
| 9:01 | Siphon Mana |
| 9:18 | Priest |
| 9:18 | Priest |
| 9:18 | Priest Adept Training |
| 9:19 | Priest |
| 9:20 | Priest |
| 9:28 | Farm |
| 9:31 | Farm |
| 9:39 | Reinforced Leather Armor |
| 9:40 | Refined Gunpowder |
| 9:41 | Imbued Gunpowder |
| 10:18 | Mortar Team |
| 10:19 | Mortar Team |
| 10:24 | Farm |
| 10:31 | Scroll of Protection |
| 10:41 | Scroll of Healing |
| 12:02 | Farm |
| 12:04 | Farm |
| 12:08 | Fragmentation Shards |
| 12:08 | Mortar Team |
| 12:08 | Mortar Team |
| 12:10 | Priest Master Training |
| 12:34 | Spell Breaker |
| 12:34 | Spell Breaker |
| 12:34 | Spell Breaker |
| 12:34 | Spell Breaker |
| 13:28 | Dragonhide Armor |
| 13:46 | Brilliance Aura |
| 13:54 | Rifleman |
| 13:55 | Rifleman |
| 14:15 | Rifleman |
| 15:45 | Flame Strike |
| Select group | 602 |
| Right click | 438 |
| Select | 181 |
| Build/train/purchase | 102 |
| Assign group | 48 |
| Use ability | 25 |
| Chat | 21 |
| Minimap ping | 6 |
| Item give/drop | 2 |
| Remove unit | 1 |

| Potion of Healing | 1 | 150 |
| Scroll of Town Portal | 3 | 1050 |
| total: | 4 | 1200g |
| Peasant | 8 | 600 | / | 0 |
| Rifleman | 12 | 2460 | / | 360 |
| Priest | 3 | 405 | / | 30 |
| Sorceress | 2 | 310 | / | 40 |
| Spell Breaker | 2 | 430 | / | 60 |
| total: | 27 | 4205g | / | 490w |
| Scout Tower | 5 | 150 | / | 100 |
| Guard Tower | 4 | 280 | / | 200 |
| Altar of Kings | 1 | 180 | / | 50 |
| Farm | 11 | 880 | / | 220 |
| Blacksmith | 1 | 140 | / | 60 |
| Arcane Vault | 1 | 130 | / | 30 |
| Lumber Mill | 1 | 120 | / | 0 |
| Barracks | 1 | 160 | / | 60 |
| Arcane Sanctum | 1 | 150 | / | 140 |
| Keep | 1 | 320 | / | 210 |
| total: | 22 | 1910g | / | 660w |
| 0:09 | Peasant |
| 0:10 | Peasant |
| 0:26 | Peasant |
| 0:50 | Peasant |
| 0:58 | Peasant |
| 1:21 | Peasant |
| 1:41 | Keep |
| 1:47 | Altar of Kings |
| 1:52 | Farm |
| 2:12 | Blacksmith |
| 2:23 | Farm |
| 2:39 | Arcane Vault |
| 2:45 | Lumber Mill |
| 2:55 | Farm |
| 3:37 | Barracks |
| 3:42 | Farm |
| 3:47 | Summon Water Elemental |
| 4:05 | Peasant |
| 4:05 | Peasant |
| 4:10 | Arcane Sanctum |
| 4:16 | Farm |
| 4:40 | Scout Tower |
| 4:41 | Scout Tower |
| 4:43 | Scout Tower |
| 5:07 | Farm |
| 5:08 | Rifleman |
| 5:08 | Rifleman |
| 5:09 | Rifleman |
| 5:27 | Black Gunpowder |
| 5:29 | Priest |
| 5:30 | Priest |
| 5:36 | Improved Lumber Harvesting |
| 5:43 | Potion of Healing |
| 5:49 | Farm |
| 6:01 | Guard Tower |
| 6:08 | Scout Tower |
| 6:22 | Farm |
| 6:24 | Rifleman |
| 6:28 | Guard Tower |
| 7:09 | Scout Tower |
| 7:11 | Rifleman |
| 7:12 | Rifleman |
| 7:13 | Priest |
| 7:31 | Brilliance Aura |
| 8:06 | Rifleman |
| 8:07 | Guard Tower |
| 8:08 | Sorceress |
| 9:41 | Spell Breaker |
| 9:41 | Spell Breaker |
| 9:43 | Rifleman |
| 9:43 | Rifleman |
| 9:48 | Brilliance Aura |
| 11:12 | Rifleman |
| 11:12 | Rifleman |
| 11:49 | Farm |
| 11:53 | Farm |
| 12:17 | Sorceress Adept Training |
| 12:17 | Priest Adept Training |
| 12:34 | Scroll of Town Portal |
| 12:34 | Scroll of Town Portal |
| 12:37 | Scroll of Town Portal |
| 13:32 | Refined Gunpowder |
| 13:33 | Studded Leather Armor |
| 14:07 | Sorceress |
| 14:09 | Rifleman |
| 14:22 | Farm |
| 15:46 | Summon Water Elemental |
| 16:22 | Brilliance Aura |
| Right click | 502 |
| Select | 153 |
| Chat | 113 |
| Select group | 80 |
| Build/train/purchase | 71 |
| Misc. action | 37 |
| Assign group | 14 |
| Use ability | 4 |
| Minimap ping | 4 |

| Scroll of Regeneration | 2 | 200 |
| Lesser Clarity Potion | 3 | 210 |
| Potion of Mana | 1 | 200 |
| Potion of Healing | 1 | 150 |
| Scroll of Town Portal | 2 | 700 |
| total: | 9 | 1460g |
| Peasant | 11 | 825 | / | 0 |
| Footman | 7 | 945 | / | 0 |
| Spell Breaker | 5 | 1075 | / | 150 |
| Knight | 3 | 735 | / | 180 |
| total: | 26 | 3580g | / | 330w |
| Scout Tower | 10 | 300 | / | 200 |
| Arcane Tower | 1 | 70 | / | 50 |
| Guard Tower | 7 | 490 | / | 350 |
| Altar of Kings | 1 | 180 | / | 50 |
| Farm | 11 | 880 | / | 220 |
| Barracks | 2 | 320 | / | 120 |
| Lumber Mill | 1 | 120 | / | 0 |
| Arcane Vault | 1 | 130 | / | 30 |
| Blacksmith | 1 | 140 | / | 60 |
| Town Hall | 1 | 385 | / | 205 |
| Arcane Sanctum | 1 | 150 | / | 140 |
| Keep | 1 | 320 | / | 210 |
| Castle | 1 | 360 | / | 210 |
| total: | 29 | 2605g | / | 1025w |
| 0:02 | Peasant |
| 0:02 | Peasant |
| 0:02 | Peasant |
| 0:27 | Altar of Kings |
| 0:38 | Peasant |
| 0:39 | Peasant |
| 0:42 | Farm |
| 0:53 | Barracks |
| 1:08 | Lumber Mill |
| 1:11 | Peasant |
| 1:11 | Peasant |
| 1:28 | Scout Tower |
| 1:43 | Peasant |
| 1:47 | Farm |
| 2:06 | Arcane Tower |
| 2:13 | Scout Tower |
| 2:17 | Scout Tower |
| 2:25 | Arcane Vault |
| 2:29 | Improved Lumber Harvesting |
| 2:32 | Holy Light |
| 2:36 | Footman |
| 2:36 | Footman |
| 2:49 | Guard Tower |
| 2:54 | Guard Tower |
| 2:56 | Peasant |
| 2:56 | Peasant |
| 3:02 | Farm |
| 3:05 | Farm |
| 3:53 | Blacksmith |
| 4:14 | Footman |
| 4:16 | Keep |
| 4:24 | Farm |
| 4:28 | Scout Tower |
| 4:31 | Scroll of Regeneration |
| 4:31 | Lesser Clarity Potion |
| 4:34 | Lesser Clarity Potion |
| 4:51 | Barracks |
| 5:05 | Guard Tower |
| 5:25 | Iron Forged Swords |
| 5:25 | Iron Plating |
| 5:39 | Defend |
| 5:47 | Footman |
| 6:28 | Devotion Aura |
| 6:36 | Footman |
| 6:37 | Castle |
| 7:01 | Arcane Sanctum |
| 7:21 | Steel Forged Swords |
| 7:27 | Footman |
| 7:30 | Farm |
| 7:34 | Farm |
| 7:39 | Farm |
| 8:03 | Scout Tower |
| 8:19 | Spell Breaker |
| 8:35 | Steel Plating |
| 8:38 | Footman |
| 9:56 | Spell Breaker |
| 9:56 | Magic Sentry |
| 9:59 | Guard Tower |
| 10:01 | Town Hall |
| 10:19 | Animal War Training |
| 10:27 | Potion of Mana |
| 10:27 | Lesser Clarity Potion |
| 11:04 | Potion of Healing |
| 11:07 | Scroll of Town Portal |
| 11:37 | Scroll of Town Portal |
| 11:49 | Scout Tower |
| 11:50 | Scout Tower |
| 11:55 | Scroll of Regeneration |
| 12:17 | Guard Tower |
| 12:32 | Knight |
| 12:41 | Guard Tower |
| 13:25 | Spell Breaker |
| 13:25 | Spell Breaker |
| 13:37 | Peasant |
| 13:39 | Scout Tower |
| 13:40 | Scout Tower |
| 13:41 | Scout Tower |
| 13:59 | Mithril Forged Swords |
| 14:00 | Farm |
| 14:01 | Farm |
| 14:03 | Farm |
| 14:05 | Mithril Plating |
| 14:33 | Knight |
| 14:39 | Guard Tower |
| 15:10 | Spell Breaker |
| 15:28 | Divine Shield |
| 15:40 | Knight |
| 15:53 | Divine Shield |
| 16:18 | Holy Light |
| Select group | 329 |
| Right click | 185 |
| Assign group | 134 |
| Select | 123 |
| Chat | 117 |
| Misc. action | 97 |
| Build/train/purchase | 80 |
| Use ability | 30 |
| Resource trade | 5 |
| Minimap ping | 2 |
| Item give/drop | 1 |
| Esc | 1 |

| Healing Salve | 3 | 300 |
| Ankh of Reincarnation | 1 | 450 |
| Potion of Greater Mana | 1 | 400 |
| Ring of Regeneration | 1 | 300 |
| total: | 6 | 1450g |
| Peon | 6 | 450 | / | 0 |
| Grunt | 4 | 800 | / | 0 |
| Troll Headhunter | 6 | 840 | / | 120 |
| Demolisher | 2 | 440 | / | 100 |
| Troll Berserker | 2 | 280 | / | 40 |
| total: | 20 | 2810g | / | 260w |
| Watch Tower | 3 | 330 | / | 240 |
| Altar of Storms | 1 | 180 | / | 50 |
| Orc Burrow | 5 | 800 | / | 200 |
| Barracks | 2 | 360 | / | 100 |
| War Mill | 1 | 205 | / | 0 |
| Voodoo Lounge | 1 | 130 | / | 30 |
| Great Hall | 1 | 385 | / | 185 |
| Stronghold | 1 | 315 | / | 190 |
| Fortress | 1 | 325 | / | 190 |
| total: | 14 | 2390g | / | 805w |
| 0:03 | Peon |
| 0:10 | Altar of Storms |
| 0:15 | Orc Burrow |
| 0:21 | Barracks |
| 0:28 | Peon |
| 0:41 | Peon |
| 0:52 | Peon |
| 1:02 | Peon |
| 1:28 | War Mill |
| 1:43 | Grunt |
| 2:01 | Orc Burrow |
| 2:14 | Voodoo Lounge |
| 2:17 | Feral Spirit |
| 3:05 | Peon |
| 3:07 | Troll Headhunter |
| 3:08 | Troll Headhunter |
| 3:23 | Orc Burrow |
| 3:28 | Watch Tower |
| 4:16 | Chain Lighting |
| 4:20 | Troll Headhunter |
| 4:20 | Grunt |
| 4:30 | Stronghold |
| 4:44 | Healing Salve |
| 4:53 | Spiked Barricades |
| 5:06 | Barracks |
| 5:11 | Troll Headhunter |
| 5:24 | Orc Burrow |
| 6:23 | Troll Headhunter |
| 7:12 | Fortress |
| 7:15 | Troll Headhunter |
| 7:20 | Watch Tower |
| 7:35 | Orc Burrow |
| 7:59 | Chain Lighting |
| 8:22 | Grunt |
| 8:28 | Watch Tower |
| 8:39 | Healing Salve |
| 8:55 | Troll Regeneration |
| 8:56 | Demolisher |
| 9:13 | Healing Salve |
| 9:47 | Berserker Upgrade |
| 11:56 | Feral Spirit |
| 12:11 | Great Hall |
| 12:13 | Grunt |
| 12:13 | Troll Berserker |
| 12:15 | Troll Berserker |
| 13:04 | Burning Oil |
| 13:12 | Steel Melee Weapons |
| 13:21 | Steel Ranged Weapons |
| 13:58 | Ankh of Reincarnation |
| 14:05 | Potion of Greater Mana |
| 14:17 | Ring of Regeneration |
| 14:28 | Demolisher |
| 14:40 | Thorium Ranged Weapons |
| 15:45 | Feral Spirit |
| 16:23 | Earth Quake |
| Right click | 325 |
| Select | 219 |
| Build/train/purchase | 56 |
| Use ability | 21 |
| Misc. action | 1 |
| Item give/drop | 1 |
| Remove unit | 1 |
| Minimap ping | 1 |
122 units @ 18.8k
/ 2.7k
59 buildings @ 9.1k
/ 3.2k


| Peasant | 10 | 750 | / | 0 |
| Footman | 9 | 1215 | / | 0 |
| Knight | 7 | 1715 | / | 420 |
| Rifleman | 9 | 1845 | / | 270 |
| total: | 35 | 5525g | / | 690w |
| Lumber Mill | 1 | 120 | / | 0 |
| Farm | 12 | 960 | / | 240 |
| Altar of Kings | 1 | 180 | / | 50 |
| Barracks | 2 | 320 | / | 120 |
| Blacksmith | 1 | 140 | / | 60 |
| Town Hall | 1 | 385 | / | 205 |
| Workshop | 1 | 140 | / | 140 |
| Keep | 1 | 320 | / | 210 |
| Castle | 1 | 360 | / | 210 |
| total: | 19 | 2245g | / | 815w |
| 0:03 | Peasant |
| 0:03 | Peasant |
| 0:03 | Peasant |
| 0:03 | Peasant |
| 0:03 | Peasant |
| 0:04 | Peasant |
| 0:04 | Peasant |
| 0:24 | Lumber Mill |
| 0:36 | Farm |
| 0:51 | Altar of Kings |
| 1:05 | Barracks |
| 1:11 | Farm |
| 1:21 | Peasant |
| 1:22 | Peasant |
| 1:26 | Peasant |
| 1:47 | Farm |
| 1:50 | Farm |
| 1:53 | Farm |
| 2:13 | Footman |
| 2:13 | Footman |
| 2:19 | Improved Lumber Harvesting |
| 2:36 | Footman |
| 2:51 | Keep |
| 3:06 | Footman |
| 3:15 | Summon Water Elemental |
| 3:31 | Footman |
| 3:31 | Footman |
| 3:31 | Footman |
| 4:00 | Footman |
| 4:04 | Farm |
| 4:06 | Farm |
| 4:14 | Footman |
| 5:09 | Brilliance Aura |
| 5:30 | Defend |
| 5:33 | Castle |
| 5:34 | Advanced Lumber Harvesting |
| 5:38 | Blacksmith |
| 6:36 | Summon Water Elemental |
| 6:51 | Iron Plating |
| 7:23 | Iron Forged Swords |
| 8:18 | Holy Light |
| 8:22 | Animal War Training |
| 8:23 | Knight |
| 8:23 | Knight |
| 8:43 | Steel Plating |
| 8:54 | Town Hall |
| 9:07 | Barracks |
| 9:12 | Steel Forged Swords |
| 9:54 | Knight |
| 9:59 | Workshop |
| 10:21 | Long Rifles |
| 10:22 | Knight |
| 10:22 | Knight |
| 10:26 | Mithril Plating |
| 11:14 | Knight |
| 11:15 | Knight |
| 12:08 | Rifleman |
| 12:08 | Rifleman |
| 12:43 | Devotion Aura |
| 12:59 | Rifleman |
| 12:59 | Rifleman |
| 13:00 | Black Gunpowder |
| 13:36 | Rifleman |
| 13:36 | Rifleman |
| 13:36 | Rifleman |
| 13:40 | Brilliance Aura |
| 14:08 | Rifleman |
| 14:09 | Rifleman |
| 14:12 | Studded Leather Armor |
| 14:31 | Devotion Aura |
| 14:52 | Farm |
| 14:53 | Farm |
| 14:53 | Farm |
| 15:56 | Farm |
| 15:57 | Farm |
| Right click | 233 |
| Select | 227 |
| Misc. action | 103 |
| Build/train/purchase | 72 |
| Select group | 32 |
| Assign group | 22 |
| Use ability | 7 |
| Item give/drop | 3 |
| Remove unit | 3 |


| Healing Salve | 1 | 100 |
| Lesser Clarity Potion | 1 | 70 |
| Scroll of Town Portal | 1 | 350 |
| Potion of Lesser Invulnerability | 1 | 150 |
| total: | 4 | 670g |
| Peon | 8 | 600 | / | 0 |
| Grunt | 1 | 200 | / | 0 |
| Troll Headhunter | 8 | 1120 | / | 160 |
| Shaman | 7 | 910 | / | 140 |
| Troll Berserker | 4 | 560 | / | 80 |
| total: | 28 | 3390g | / | 380w |
| Altar of Storms | 1 | 180 | / | 50 |
| Orc Burrow | 7 | 1120 | / | 280 |
| Barracks | 1 | 180 | / | 50 |
| War Mill | 1 | 205 | / | 0 |
| Voodoo Lounge | 1 | 130 | / | 30 |
| Great Hall | 1 | 385 | / | 185 |
| Spirit Lodge | 1 | 150 | / | 150 |
| Stronghold | 1 | 315 | / | 190 |
| Fortress | 2 | 650 | / | 380 |
| total: | 13 | 2350g | / | 745w |
| 0:04 | Peon |
| 0:04 | Peon |
| 0:09 | Altar of Storms |
| 0:14 | Orc Burrow |
| 0:32 | Barracks |
| 0:38 | Peon |
| 0:52 | Peon |
| 1:04 | Peon |
| 1:22 | War Mill |
| 1:25 | Peon |
| 1:47 | Grunt |
| 1:59 | Peon |
| 2:11 | Orc Burrow |
| 2:18 | Peon |
| 2:24 | Endurance Aura |
| 3:01 | Stronghold |
| 3:05 | Voodoo Lounge |
| 3:27 | Troll Headhunter |
| 3:58 | Troll Headhunter |
| 4:07 | Orc Burrow |
| 4:25 | Troll Headhunter |
| 4:31 | Orc Burrow |
| 4:32 | Steel Ranged Weapons |
| 4:53 | War Stomp |
| 5:05 | Troll Headhunter |
| 5:23 | Healing Salve |
| 5:24 | Lesser Clarity Potion |
| 5:33 | Troll Regeneration |
| 5:41 | Spirit Lodge |
| 5:50 | Fortress |
| 6:04 | Troll Headhunter |
| 7:17 | Shaman Adept Training |
| 7:18 | Shaman |
| 7:20 | Troll Headhunter |
| 7:20 | Troll Headhunter |
| 7:43 | Troll Headhunter |
| 7:48 | Reinforced Defenses |
| 8:00 | Endurance Aura |
| 8:14 | Healing Wave |
| 8:27 | Shaman Master Training |
| 8:29 | Berserker Upgrade |
| 8:46 | Steel Armor |
| 8:54 | Orc Burrow |
| 8:56 | Shaman |
| 10:16 | Troll Berserker |
| 10:16 | Troll Berserker |
| 10:17 | Shaman |
| 10:17 | Shaman |
| 10:17 | Shaman |
| 10:21 | Orc Burrow |
| 10:24 | Thorium Ranged Weapons |
| 11:07 | Troll Berserker |
| 11:07 | Troll Berserker |
| 11:08 | Shaman |
| 11:08 | Shaman |
| 12:11 | Scroll of Town Portal |
| 12:21 | Hex |
| 12:31 | Potion of Lesser Invulnerability |
| 14:13 | Great Hall |
| 14:18 | Orc Burrow |
| 14:31 | War Stomp |
| 15:21 | Healing Wave |
| 15:21 | Healing Wave |
| Right click | 457 |
| Select | 211 |
| Select group | 148 |
| Build/train/purchase | 93 |
| Assign group | 43 |
| Use ability | 19 |
| Minimap ping | 13 |
| Item give/drop | 3 |
| Remove unit | 1 |

| Wisp | 8 | 480 | / | 0 |
| Archer | 10 | 1300 | / | 100 |
| Huntress | 7 | 1365 | / | 140 |
| Druid of the Claw | 3 | 765 | / | 240 |
| total: | 28 | 3910g | / | 480w |
| Altar of Elders | 1 | 180 | / | 50 |
| Ancient of War | 1 | 150 | / | 60 |
| Moon Well | 6 | 1080 | / | 240 |
| Hunter's Hall | 1 | 210 | / | 100 |
| Ancient of Wonders | 1 | 90 | / | 30 |
| Ancient of Lore | 1 | 155 | / | 145 |
| Chimaera Roost | 1 | 140 | / | 190 |
| Tree of Ages | 1 | 320 | / | 180 |
| Tree of Eternity | 1 | 330 | / | 200 |
| total: | 12 | 2005g | / | 815w |
| 0:18 | Altar of Elders |
| 0:30 | Ancient of War |
| 0:31 | Wisp |
| 0:32 | Wisp |
| 0:32 | Wisp |
| 1:21 | Moon Well |
| 1:42 | Wisp |
| 2:04 | Wisp |
| 2:05 | Wisp |
| 2:05 | Wisp |
| 2:05 | Wisp |
| 2:18 | Archer |
| 2:18 | Archer |
| 2:19 | Archer |
| 2:19 | Archer |
| 2:41 | Archer |
| 2:54 | Archer |
| 3:01 | Moon Well |
| 3:20 | Trueshot Aura |
| 4:03 | Moon Well |
| 4:27 | Archer |
| 4:27 | Archer |
| 4:35 | Tree of Ages |
| 5:12 | Hunter's Hall |
| 6:37 | Moon Well |
| 7:18 | Searing Arrows |
| 7:39 | Ancient of Lore |
| 8:35 | Huntress |
| 8:35 | Huntress |
| 10:00 | Tree of Eternity |
| 10:05 | Huntress |
| 10:05 | Huntress |
| 10:05 | Huntress |
| 11:48 | Huntress |
| 11:49 | Huntress |
| 11:49 | Archer |
| 11:49 | Archer |
| 11:58 | Ancient of Wonders |
| 12:34 | Moon Well |
| 13:37 | Moon Well |
| 13:40 | Druid of the Claw |
| 13:40 | Druid of the Claw |
| 13:40 | Druid of the Claw |
| 14:37 | Chimaera Roost |
| 15:35 | Trueshot Aura |
| Right click | 927 |
| Select | 186 |
| Build/train/purchase | 37 |
| Use ability | 3 |
| Remove unit | 1 |
| Minimap ping | 1 |



| Rod of Necromancy | 3 | 450 |
| Potion of Healing | 1 | 150 |
| Orb of Corruption | 1 | 375 |
| Scroll of Town Portal | 2 | 700 |
| Scroll of Healing | 1 | 250 |
| Potion of Lesser Invulnerability | 1 | 150 |
| total: | 9 | 2075g |
| Acolyte | 8 | 600 | / | 0 |
| Ghoul | 4 | 480 | / | 0 |
| Crypt Fiend | 11 | 2365 | / | 440 |
| Obsidian Statue | 3 | 600 | / | 105 |
| Frost Wyrm | 5 | 1925 | / | 600 |
| total: | 31 | 5970g | / | 1145w |
| Nerubian Tower | 3 | 300 | / | 60 |
| Spirit Tower | 4 | 580 | / | 160 |
| Crypt | 1 | 200 | / | 50 |
| Ziggurat | 8 | 1200 | / | 400 |
| Altar of Darkness | 1 | 180 | / | 50 |
| Graveyard | 1 | 215 | / | 0 |
| Tomb of Relics | 1 | 130 | / | 30 |
| Necropolis | 1 | 225 | / | 0 |
| Slaughterhouse | 1 | 140 | / | 135 |
| Boneyard | 1 | 175 | / | 200 |
| Halls of the Dead | 3 | 960 | / | 630 |
| Black Citadel | 3 | 975 | / | 690 |
| total: | 15 | 2465g | / | 865w |
| 0:04 | Acolyte |
| 0:04 | Acolyte |
| 0:09 | Crypt |
| 0:12 | Ziggurat |
| 0:36 | Altar of Darkness |
| 0:58 | Graveyard |
| 1:14 | Ghoul |
| 1:19 | Nerubian Tower |
| 1:20 | Nerubian Tower |
| 1:34 | Tomb of Relics |
| 1:50 | Ghoul |
| 2:04 | Ziggurat |
| 2:23 | Crypt Fiend |
| 2:23 | Crypt Fiend |
| 2:23 | Crypt Fiend |
| 2:35 | Death Coil |
| 2:41 | Rod of Necromancy |
| 2:41 | Rod of Necromancy |
| 2:41 | Rod of Necromancy |
| 3:00 | Crypt Fiend |
| 3:00 | Crypt Fiend |
| 3:00 | Crypt Fiend |
| 3:26 | Crypt Fiend |
| 3:26 | Crypt Fiend |
| 3:58 | Halls of the Dead |
| 4:21 | Crypt Fiend |
| 4:35 | Ziggurat |
| 4:44 | Unholy Aura |
| 4:45 | Unholy Aura |
| 4:52 | Ghoul |
| 5:45 | Creature Attack |
| 5:46 | Improved Creature Attack |
| 5:49 | Crypt Fiend |
| 6:22 | Acolyte |
| 6:27 | Slaughterhouse |
| 6:59 | Death Coil |
| 7:00 | Death Coil |
| 7:13 | Black Citadel |
| 7:14 | Web |
| 7:18 | Frost Nova |
| 7:19 | Potion of Healing |
| 8:11 | Necropolis |
| 8:20 | Ziggurat |
| 8:23 | Ziggurat |
| 8:55 | Potion of Lesser Invulnerability |
| 9:07 | Spirit Tower |
| 9:07 | Spirit Tower |
| 9:46 | Acolyte |
| 9:54 | Acolyte |
| 9:55 | Acolyte |
| 9:55 | Acolyte |
| 11:00 | Destroyer Form |
| 11:10 | Boneyard |
| 11:25 | Impale |
| 11:34 | Scroll of Town Portal |
| 11:35 | Orb of Corruption |
| 11:37 | Scroll of Healing |
| 12:19 | Ghoul |
| 12:24 | Ziggurat |
| 12:27 | Obsidian Statue |
| 12:29 | Frost Armor |
| 12:39 | Freezing Breath |
| 12:40 | Frost Wyrm |
| 12:50 | Ziggurat |
| 12:50 | Ziggurat |
| 13:00 | Obsidian Statue |
| 13:25 | Obsidian Statue |
| 13:57 | Scroll of Town Portal |
| 14:21 | Frost Wyrm |
| 14:21 | Frost Wyrm |
| 14:21 | Frost Wyrm |
| 14:33 | Acolyte |
| 14:44 | Crypt Fiend |
| 15:55 | Unholy Aura |
| 15:55 | Unholy Aura |
| 15:58 | Spiked Carapace |
| 16:23 | Frost Wyrm |
| 16:25 | Frost Nova |
| Right click | 369 |
| Select group | 369 |
| Select | 154 |
| Build/train/purchase | 114 |
| Misc. action | 50 |
| Use ability | 47 |
| Assign group | 41 |
| Minimap ping | 15 |
| Item give/drop | 8 |
| Resource trade | 5 |
⇛